 Dungeon Crawl Stone Soup version bcrawl-1.29.2 (console) character file.

Game seed: 14969027855919098935

234414 GodsVoicemail the Timeless (level 11, -2/81 HPs)
             Began as a Demonspawn Wizard on Feb 19, 2021.
             Was a High Priest of Cheibriados.
             Slain by a centaur warrior skeleton (4 damage)
             ... on level 9 of the Dungeon.
             The game lasted 02:01:24 (14294 turns).

GodsVoicemail the Timeless (Demonspawn Wizard)     Turns: 14294, Time: 02:01:24

Health: -2/81      AC:  4    Str: 18    XL:     11   Next: 4%
Magic:  1/21       EV: 22    Int: 40    God:    Cheibriados [*****.]
Gold:   538        SH:  0    Dex: 28    Spells: 12/23 levels left

rFire    . . .     SeeInvis +   a - +3 dagger {pierce, Int+6}
rCold    + . .     Gourm    +   (no shield)
rNeg     . . .     Faith    .   b - +0 robe
rPois    .         Spirit   .   c - +0 hat
rElec    .         Reflect  .   (no cloak)
rCorr    .         Harm     .   (no gloves)
MR       .....                  y - +2 pair of boots
Stlth    ++++++....             s - amulet of the gourmand
HPRegen  0.23/turn              q - ring of see invisible
MPRegen  0.17/turn              (no ring)

@: agile, swift, corroded, flying, very slow
A: antennae 1, thin metallic scales 2, cold resistance 1, nightstalker 2
a: Bend Time, Temporal Distortion, Slouch, Step From Time, Renounce Religion


You were on level 9 of the Dungeon.
You worshipped Cheibriados.
Cheibriados was extremely pleased with you.
You were not hungry.

You visited 2 branches of the dungeon, and saw 11 of its levels.
You also visited: Sewer.

You collected 538 gold pieces.

Inventory:

Hand Weapons
 a - the +3 dagger of Past Mistakes (weapon) {pierce, Int+6}
   (You found it on level 1 of the Lair of Beasts)

   It will always inflict at least some extra damage.
   This minimum extra damage increases with your current reserve of magical
   power.
   It affects your intelligence (+6).
 l - a +0 blowgun
 v - a +4 war axe
Armour
 b - a +0 robe (worn)
 c - a +0 hat (worn)
 y - a +2 pair of boots (worn)
Magical Staves
 d - an uncursed staff of fire
 x - an uncursed staff of conjuration
Jewellery
 q - a ring of see invisible (left hand)
 s - an amulet of the gourmand (around neck)
Wands
 j - a wand of digging (19)
 m - a wand of flame (4)
 t - a wand of acid (1)
Scrolls
 g - 7 scrolls of teleportation
 h - a scroll of fog
 i - 3 scrolls of identify
 n - 5 scrolls of enchant weapon
 o - 3 scrolls of remove curse
 r - a scroll of magic mapping
Potions
 f - 3 potions of brilliance
 u - 2 potions of flight
Comestibles
 e - 21 rations {!d}


   Skills:
 * Level 6.3 Fighting
 + Level 4.2 Dodging
 - Level 4.0 Stealth
 + Level 6.8 Spellcasting
 - Level 6.8 Conjurations
 - Level 1.0 Summonings
 - Level 2.0 Translocations
 - Level 3.0 Fire Magic
 - Level 3.0 Air Magic
 - Level 6.4 Poison Magic
 - Level 8.0 Invocations
 - Level 4.0 Evocations


You had 12 spell levels left.
You knew the following spells:

 Your Spells              Type           Power        Failure   Level  Hunger
a - Magic Dart            Conj           ####         1%          1    None
b - Blink                 Tloc           N/A          1%          2    None
c - Mephitic Cloud        Conj/Pois/Air  ######..     1%          3    None
d - Conjure Flame         Conj/Fire      ######..     1%          3    None
e - Call Imp              Summ           ###...       2%          2    None

Your spell library contained the following spells:

 Spells                   Type           Power        Failure   Level  Hunger
 Spider Form              Tmut/Pois      ###          1%          3    None


Dungeon Overview and Level Annotations

Branches:
Dungeon (9/12)             Temple (0/1) D:4            Lair (2/6) D:8
  Swamp: Lair:2-4    Shoals: Lair:2-4     Snake: Lair:2-4    Spider: Lair:2-4
    Orc: D:8-11

Altars:
Cheibriados
Dithmenos
Elyvilon
Kikubaaqudgha
Nemelex Xobeh
Qazlal
Ru
Uskayaw
Wu Jian
Xom
The Shining One

Annotations:
D:6 exclusions: 4 doors, yaktaur and 3 more exclusions
D:7 exclusion: downstairs
D:8 exclusions: door, hungry ghost and 5 more exclusions, Maurice
Lair:1 exclusions: downstairs and 7 more exclusions, Erica, Joseph
Lair:2 exclusions: cane toad and 1 more exclusion


Innate Abilities, Weirdness & Mutations

You have a pair of small antennae on your head.
You are mostly covered in thin metallic scales. (AC +3)
Your flesh is cold resistant. (rC+)
You are significantly more attuned to the shadows.


Message History

The magic dart hits the ogre.
You kill the ogre!
Cheibriados appreciates the change of pace.
The meliai zombie completely misses you.
The meliai zombie closely misses you.
The centaur warrior skeleton completely misses you.
The meliai zombie hits you!
* * * LOW HITPOINT WARNING * * *
The meliai zombie completely misses you.
The jelly closely misses you.
You feel very buoyant.
You fly up into the air. "This would be unforgivable if you put any effort into moving so quickly!"
The centaur warrior skeleton hits you but does no damage.
The meliai zombie hits you.
* * * LOW HITPOINT WARNING * * *
The meliai zombie closely misses you. The jelly hits you but does no damage.
The meliai zombie completely misses you. x2
The centaur warrior skeleton hits you.
You die...

##.H... ..... ... ###
#.# ##.. ###.#
....###...#
##.....##.####### ....
....###Z.........###...
......@J..........##...
.....)Z......##..##...
##.###.......##..##...
#..#.................
#....#..#######..#.<.
####...## #..#...
#....# #...... #......
#.#.... #.##.#. #.#....


You could see a jelly, a meliai zombie and a centaur warrior skeleton.

Vanquished Creatures
  A centaur warrior (D:9)
  A two-headed ogre (D:8)
  An unseen horror (shapeshifter) (D:6)
  An orc knight (D:7)
  A yaktaur (D:7)
  A rime drake (Lair:1)
  2 trolls
  Prince Ribbit (D:7)
  3 hippogriffs
  A spriggan (D:8)
  2 yaks (D:8)
  4 crocodiles
  A soldier ant (D:7)
  2 porcupines (Lair:1)
  3 sky beasts
  2 ice beasts
  An orc warrior (D:8)
  2 phantoms (D:8)
  An ogre (D:9)
  A centaur (D:7)
  2 bullfrogs
  A water moccasin skeleton (D:8)
  5 scorpions
  9 wights
  3 howler monkeys
  5 crimson imps
  A bullfrog zombie (D:7)
  2 hounds
  3 bullfrog skeletons
  3 orc priests (D:7)
  2 jellies
  2 orc wizards (D:7)
  A centaur skeleton (D:5)
  6 worker ants
  A hound zombie (D:8)
  2 worker ant zombies (D:5)
  Robin (D:2)
  10 gnolls
  20 adders
  A shadow imp (D:8)
  14 oozes
  An adder skeleton (D:8)
  An adder zombie (D:6)
  3 worms
  4 dart slugs
  12 leopard geckos
  12 orcs
  7 bats
  8 giant cockroaches
  5 goblins
  8 hobgoblins
  12 kobolds
  4 quokkas
  9 ball pythons
  11 frilled lizards
  A jackal skeleton (D:4)
  4 rats (D:1)
228 creatures vanquished.

Vanquished Creatures (collateral kills)
  A black bear (D:8)
  2 bullfrogs (Sewer)
  A big kobold (D:8)
  A crimson imp (D:7)
  A quasit (D:8)
  An orc wizard (D:8)
  An adder (Sewer)
  2 shadow imps (D:7)
  An adder skeleton (D:7)
  An orc (D:7)
  A giant cockroach (Sewer)
  A ball python (Sewer)
  A frilled lizard (Sewer)
15 creatures vanquished.

Vanquished Creatures (others)
  A hippogriff (D:9)
  10 fungi (D:8)
  3 plants (D:8)
14 creatures vanquished.

Grand Total: 257 creatures vanquished

Notes
Turn   | Place    | Note
-------+----------+-------------------------------------------
     0 | D:1      | GodsVoicemail the Demonspawn Wizard began the quest for the
                  | Orb.
     0 | D:1      | Reached XP level 1. HP: 13/13 MP: 4/4
   382 | D:1      | Gained mutation: Your flesh is cold resistant. (rC+)
                  | [demonic ancestry]
   382 | D:1      | Reached XP level 2. HP: 19/19 MP: 1/6
   990 | D:2      | Found a snail-covered altar of Cheibriados.
   999 | D:2      | Became a worshipper of Cheibriados the Contemplative
  1145 | D:2      | Learned a level 2 spell: Blink
  1148 | D:2      | Learned a level 2 spell: Call Imp
  1198 | D:2      | Noticed Robin
  1278 | D:2      | Reached XP level 3. HP: 25/25 MP: 1/7
  1407 | D:2      | Learned a level 3 spell: Mephitic Cloud
  1528 | D:2      | Reached skill level 1 in Invocations
  1825 | D:2      | Killed Robin
  1826 | D:2      | Reached skill level 1 in Fighting
  2192 | D:3      | Found a shimmering altar of Xom.
  2194 | D:3      | Found a shadowy altar of Dithmenos.
  2194 | D:3      | Found a glowing golden altar of the Shining One.
  2197 | D:3      | Found a sacrificial altar of Ru.
  2197 | D:3      | Found a sparkling altar of Nemelex Xobeh.
  2197 | D:3      | Found a shimmering altar of Xom.
  2202 | D:3      | Reached XP level 4. HP: 32/32 MP: 3/8
  2265 | D:3      | Found a sacrificial altar of Ru.
  2433 | D:3      | Found a white marble altar of Elyvilon.
  2513 | D:3      | Reached skill level 2 in Invocations
  2531 | D:3      | Noticed a sky beast
  2565 | D:4      | Found a stormy altar of Qazlal.
  2704 | D:4      | Gained mutation: You are slightly more attuned to the
                  | shadows. [demonic ancestry]
  2704 | D:4      | Reached XP level 5. HP: 6/37 MP: 0/9
  2838 | D:4      | Reached * piety under Cheibriados
  2851 | D:4      | Found an ornate altar of the Wu Jian Council.
  2852 | D:4      | Found an ancient bone altar of Kikubaaqudgha.
  3092 | D:4      | Noticed a phantom
  3176 | D:4      | Reached skill level 1 in Poison Magic
  3450 | D:4      | Found a staircase to the Ecumenical Temple.
  3537 | D:4      | Reached skill level 3 in Invocations
  3634 | D:4      | Gained mutation: You are partially covered in thin metallic
                  | scales. (AC +2) [demonic ancestry]
  3634 | D:4      | Reached XP level 6. HP: 43/43 MP: 0/11
  4394 | D:3      | Killed a sky beast
  4537 | D:5      | Entered Level 5 of the Dungeon
  4551 | D:5      | Reached skill level 5 in Conjurations
  4568 | D:5      | Learned a level 3 spell: Conjure Flame
  4781 | D:5      | Noticed a sky beast
  4817 | D:5      | Gained mutation: You are significantly more attuned to the
                  | shadows. [demonic ancestry]
  4817 | D:5      | Reached XP level 7. HP: 47/48 MP: 5/12
  5005 | D:5      | Reached ** piety under Cheibriados
  5006 | D:5      | Reached skill level 4 in Invocations
  5188 | D:5      | Found a glowing golden altar of the Shining One.
  5188 | D:5      | Found a hide-covered altar of Uskayaw.
  5318 | D:5      | Reached skill level 1 in Fire Magic
  5372 | D:5      | Reached skill level 1 in Air Magic
  5973 | D:5      | Reached XP level 8. HP: 54/54 MP: 6/14
  6230 | D:5      | Found a shadowy altar of Dithmenos.
  6434 | D:6      | Found a glowing drain.
  6443 | Sewer    | Entered a sewer
  6561 | Sewer    | Reached skill level 5 in Invocations
  6606 | Sewer    | Reached *** piety under Cheibriados
  6875 | Sewer    | Reached skill level 1 in Translocations
  7030 | Sewer    | Reached **** piety under Cheibriados
  7334 | D:6      | Noticed an unseen horror
  8007 | D:6      | Noticed a troll
  8029 | D:6      | Killed a troll
  8140 | D:6      | Noticed a yaktaur
  8561 | D:6      | Killed an unseen horror
  8562 | D:6      | Reached skill level 5 in Spellcasting
  8562 | D:6      | Reached skill level 5 in Poison Magic
  8562 | D:6      | Reached skill level 6 in Invocations
  8562 | D:6      | Gained mutation: You are mostly covered in thin metallic
                  | scales. (AC +3) [demonic ancestry]
  8562 | D:6      | Reached XP level 9. HP: 21/59 MP: 11/16
  9268 | D:7      | Noticed Prince Ribbit
  9801 | D:7      | Noticed a troll
  9808 | D:7      | Reached skill level 1 in Evocations
  9814 | D:7      | Noticed a yaktaur
  9821 | D:7      | Killed Prince Ribbit
  9821 | D:7      | Killed a troll
  9830 | D:7      | Killed a yaktaur
 10214 | D:7      | Gained mutation: You have a pair of small antennae on your
                  | head. [demonic ancestry]
 10214 | D:7      | Reached XP level 10. HP: 31/70 MP: 7/18
 10411 | D:7      | Noticed an orc knight
 10438 | D:7      | Killed an orc knight
 10611 | D:7      | Reached skill level 7 in Invocations
 10644 | D:7      | Upgraded the game from bcrawl-1.28.5 to bcrawl-1.29.2
 11509 | D:8      | Noticed a two-headed ogre
 11523 | D:8      | Killed a two-headed ogre
 11872 | D:8      | Reached skill level 5 in Fighting
 12733 | D:8      | Noticed Maurice
 12813 | D:8      | Found a staircase to the Lair.
 13079 | Lair:1   | Entered Level 1 of the Lair of Beasts
 13114 | Lair:1   | Found a shadowy altar of Dithmenos.
 13115 | Lair:1   | Got a slimy dagger
 13127 | Lair:1   | Identified the +3 dagger of Past Mistakes {pierce, Int+6}
                  | (You found it on level 1 of the Lair of Beasts)
 13181 | Lair:1   | Reached ***** piety under Cheibriados
 13247 | Lair:1   | Found a dark tunnel.
 13250 | Lair:1   | Noticed Joseph
 13552 | Lair:1   | Noticed Erica
 13943 | Lair:2   | Noticed a cane toad
 14193 | D:9      | Reached skill level 8 in Invocations
 14278 | D:9      | Noticed a centaur warrior
 14284 | D:9      | Killed a centaur warrior
 14285 | D:9      | Reached XP level 11. HP: 25/81 MP: 1/21
 14294 | D:9      | HP: 2/81 [meliai zombie (5)]
 14294 | D:9      | Slain by a centaur warrior skeleton

Skill      XL: |  1  2  3  4  5  6  7  8  9 10 |
---------------+-------------------------------+-----
Conjurations   | 2 3 4 5 6 |  6.8
Invocations    | 1 2 3 4 6 8 |  8.0
Fighting       | 1 3 6 |  6.3
Poison Magic   | 1 2 3 5 6 |  6.4
Spellcasting   | 4 5 6 |  6.8
Fire Magic     | 1 3 |  3.0
Air Magic      | 1 3 |  3.0
Translocations | 2 |  2.0
Dodging        | 2 4 |  4.2
Evocations     | 2 4 |  4.0
Stealth        | 3 4 |  4.0
Summonings     | |  1.0

Action                   |  1- 3 |  4- 6 |  7- 9 | 10-12 || total
-------------------------+-------+-------+-------+-------++-------
Melee: Falchion          |     8 |    47 |   122 |    67 ||   244
       War axe           |       |       |    15 |       ||    15
       Dagger            |       |       |       |    21 ||    21
 Cast: Magic Dart        |    94 |   124 |   328 |   142 ||   688
       Mephitic Cloud    |     1 |     5 |    15 |    12 ||    33
       Blink             |       |     3 |     5 |    15 ||    23
       Conjure Flame     |       |     3 |    13 |    13 ||    29
       Call Imp          |       |     3 |    22 |    24 ||    49
Invok: Bend Time         |     4 |     4 |     7 |     4 ||    19
Evoke: Wand              |       |       |       |    16 ||    16
  Use: Scroll            |     1 |    10 |     7 |     5 ||    23
       Potion            |       |     5 |     4 |     7 ||    16
 Stab: Confused          |       |     3 |     4 |     5 ||    12
       Sleeping          |       |       |     4 |       ||     4
  Eat: Chunk             |     4 |     7 |    20 |    13 ||    44
       Ration            |     1 |       |       |       ||     1
Armor: Robe              |     3 |    17 |    69 |    46 ||   135
Dodge: Dodged            |    11 |    61 |   187 |   179 ||   438
